Map: World of Sleepers LE

Players

PotentialCam

  • Race: Zerg Zerg
  • League: Diamond
  • Spawn Location: 7:00

VOD

Have the link to the VOD?

Description

Cams ZvT opening

Time

  • Played on: Dec. 24, 2019, 2:12 a.m.
  • Length: 7:12
Show
View Real Time Build Order
Export as new Build Order

PotentialCam Zerg 

Build Orders:  

Get SALT Encoding   

  12  0:02  Drone  
  13  0:18  Overlord  
  13  0:25  Drone  
  14  0:44  Drone x2  
  14  0:49  Drone  
  17  1:14  Hatchery  
  17  1:18  Drone  
  17  1:22  Drone  
  18  1:39  Extractor  
  17  1:44  Spawning Pool  
  17  1:48  Drone  
  17  1:52  Drone  
  18  2:04  Drone  
  19  2:18  Overlord  
  19  2:33  Drone  
  18  2:50  Zergling x2  
  20  2:54  Queen  
  20  2:55  Queen  
  20  2:56  Zergling x2  
  26  3:13  Drone x2  
  26  3:18  Drone  
  29  3:25  Overlord  
  29  3:33  Drone  
  30  3:41  Drone  
  30  3:45  Queen  
  33  3:53  Drone  
  33  3:55  Drone  
  35  4:01  Metabolic Boost  
  35  4:05  Drone  
  36  4:10  Drone  
  36  4:18  Overlord  
  37  4:25  Drone  
  38  4:31  Drone x3  
  38  4:37  Queen  
  38  4:38  Drone  
  44  4:43  Queen  
  46  4:50  Drone x2  
  46  4:57  Hatchery  
  46  4:59  Drone  
  48  5:08  Drone  
  49  5:10  Drone  
  49  5:15  Overlord  
  49  5:16  Drone x2  
  52  5:22  Overlord  
  52  5:40  Queen x2  
  56  5:52  Drone x4  
  56  5:53  Overlord x2  
  60  6:08  Drone x2  
  62  6:12  Overlord x3  
  62  6:33  Zergling x2  
  62  6:34  Zergling x2  
Tags
 
Add a new tag
Caveats
  • Supply blocks, unpowered buildings, or Contaminate may cause inaccurate times.
  • Supply counts are checked every 10 seconds.